Red Wings vs Blues

Created - February 11, 2020 at 19:09

Goals
1 2 3 T
Red Wings 0 1 0 1
Blues 2 0 1 3
Shots
1 2 3 T
Red Wings 5 16 11 32
Blues 17 5 10 32

1st period

1. Blues , Nicklas Backstrom 18 (Alex Pietrangelo 42, Jake Gardiner 20) at 1:36 (PP)
2. Blues , Nicklas Backstrom 19 (Cody Ceci 9, Jordan Eberle 26) at 19:19

Penalties :
Andrew Alberts (Det) for Hooking (Minor) at 1:26, Adam Henrique (Det) for Charging (Minor) at 9:07

2nd period

3. Red Wings , Adam Henrique 24 (Connor Brown 19, Ole-Kristian Tollefsen 18) at 4:11

Penalties :
Connor Brown (Det) for Slashing (Minor) at 7:12, Cody Ceci (STL) for Roughing (Minor) at 14:10

3rd period

4. Blues , Gustav Nyquist 7 (Simon Gagné 8, Shayne Gostisbehere 13) at 6:18

Penalties :
Michael Haley (Det) for Charging (Minor) at 7:44, Yann Sauvé (STL) for Interference (Minor) at 12:58

Goalie Stats

James Reimer (Det), 29 saves from 32 shots - (0.906), L, 13-17-3, 60:00 minutes
Carey Price (STL), 31 saves from 32 shots - (0.969), W, 17-17-4, 60:00 minutes

Players Stats for Red Wings

Player Name              G  A  P  +/- PIM S  H  SB GA TA FO     MP     PP MP  PK MP  
------------------------------------------------------------------------------------
Adam Henrique            1  0  1   1  2   7  5  2  1  0  0/0    18:15   2:11   0:00 
Alex Picard              0  0  0  -1  0   2  0  0  0  0  0/0    13:44   1:47   1:15 
Andrew Alberts           0  0  0   0  2   0  0  1  0  0  0/0    18:51   0:12   3:39 
Carson Mcmillan          0  0  0  -1  0   2  0  0  1  2  0/0    11:28   0:00   3:00 
Connor Brown             0  1  1   1  2   1  0  2  0  0  0/0    18:15   2:11   0:00 
David Krejci             0  0  0  -1  0   1  0  0  0  0  3/7    14:15   0:00   3:00 
Jiri Fischer             0  0  0   1  0   0  2  1  0  1  0/0    22:32   1:52   2:28 
Karl Alzner              0  0  0   0  0   0  2  0  0  0  0/0    16:59   1:52   0:10 
Michael Haley            0  0  0  -1  2   1  0  1  0  0  1/1    10:15   0:00   1:52 
Mike Richards            0  0  0   1  0   0  0  1  0  0  8/24   17:59   2:11   0:00 
Nick Bjugstad            0  0  0   0  0   4  1  1  0  0  6/12   16:22   1:47   0:00 
Ole-Kristian Tollefsen   0  1  1   1  0   2  2  0  1  0  0/0    22:49   2:06   3:29 
Peter Worrell            0  0  0   0  0   2  1  0  0  1  1/1    15:29   0:00   0:08 
Petr Pohl                0  0  0  -1  0   2  1  0  1  0  0/1    10:27   0:00   0:00 
Philip Samuelsson        0  0  0  -2  0   0  2  1  0  1  0/0    16:51   0:58   0:00 
Riley Armstrong          0  0  0  -1  0   1  2  1  0  0  5/5    11:10   0:00   2:59 
Ryan O'Byrne             0  0  0  -2  0   1  1  0  0  2  0/0    21:57   0:56   2:28 
Tomas Kopecky            0  0  0   0  0   6  6  0  0  0  0/1    16:11   1:47   0:00 

Players Stats for Blues

Player Name              G  A  P  +/- PIM S  H  SB GA TA FO     MP     PP MP  PK MP  
------------------------------------------------------------------------------------
Alex Pietrangelo         0  1  1   0  0   3  2  0  0  1  0/0    25:21   4:43   2:11 
Cody Ceci                0  1  1   1  2   0  2  0  0  1  0/0    14:19   0:00   1:08 
David Perron             0  0  0   0  0   5  5  0  1  0  0/0    19:55   2:44   0:00 
Dougie Hamilton          0  0  0   1  0   1  0  0  0  0  0/0    16:45   3:13   0:20 
Filip Forsberg           0  0  0   0  0   1  1  0  1  0  0/0    17:56   3:23   0:58 
Gustav Nyquist           1  0  1   1  0   1  1  0  1  0  0/0     8:03   0:02   0:00 
Jake Gardiner            0  1  1   0  0   1  0  2  1  0  0/0    22:42   2:54   1:43 
Jean-Gabriel Pageau      0  0  0   0  0   0  0  0  1  1  4/14   18:18   3:23   1:18 
Jordan Eberle            0  1  1   0  0   5  3  0  1  0  1/1    21:32   2:42   1:56 
Kyle Clifford            0  0  0   0  0   0  2  1  0  0  0/0    12:08   0:00   0:46 
Nicklas Backstrom        2  0  2   0  0   5  2  0  0  0  19/31  19:36   2:42   0:00 
Reilly Smith             0  0  0   0  0   1  2  1  0  1  0/0    11:20   0:02   0:00 
Sergei Shirokov          0  0  0   0  0   4  0  1  0  0  0/0    16:45   3:23   0:00 
Sergey Kalinin           0  0  0   1  0   0  2  0  0  0  2/4    10:08   0:00   1:56 
Shayne Gostisbehere      0  1  1   0  0   2  1  1  0  0  0/0    18:30   1:24   1:52 
Simon Gagné              0  1  1   1  0   1  0  0  0  0  0/0     8:58   0:00   1:02 
Tomas Plekanec           0  0  0   0  0   0  1  0  1  0  2/2    11:10   0:00   0:00 
Yann Sauvé               0  0  0   0  2   2  1  2  0  0  0/0    22:34   0:00   0:42 

3 Stars

1 - Nicklas Backstrom (STL)
2 - Carey Price (STL)
3 - Gustav Nyquist (STL)

Power Play

Red Wings - 0 on 2 Attempt(s) - 0.00%
Blues - 1 on 4 Attempt(s) - 25.00%

Penalty Kill

Red Wings - 3 on 4 Attempt(s) - 75.00% - Score 0 goal in Penalty Kill
Blues - 2 on 2 Attempt(s) - 100.00% - Score 0 goal in Penalty Kill

Team Stat

Red Wings - Hits : 25 - Faceoff Wins : 24 - Blocked Shots : 11 - Penalty Minutes : 8
Blues - Hits : 25 - Faceoff Wins : 28 - Blocked Shots : 8 - Penalty Minutes : 4

Official

Referees : Unknown
Linesman : Unknown

Game Notes

Philip Samuelsson is injured at 12:39 of 3rd period (Sports Hernia)

Finance

Level 1 -- Attendance: 5058 (84.30%) -- Ticket Income $556,380
Level 2 -- Attendance: 4119 (82.38%) -- Ticket Income $296,568
Level 3 -- Attendance: 1555 (77.75%) -- Ticket Income $69,975
Level 4 -- Attendance: 3414 (85.35%) -- Ticket Income $102,420
Luxury Box -- Attendance: 776 (77.60%) -- Ticket Income $155,200
Game was played at the Scotttrade center.
Total Attendance: 14922 (82.90%)
Total Ticket Income: $1,180,543
Other Income: $177,081
Total Income: $1,357,624

Red Wings

5 vs 5 Forward 
   Center                   Left Wing                Right Wing               Time % Phy DF OF 
 1 Mike Richards            Adam Henrique            Connor Brown             38     0   2  3  
 2 Nick Bjugstad            Peter Worrell            Tomas Kopecky            37     0   2  3  
 3 David Krejci             Alex Picard              Petr Pohl                15     0   3  2  
 4 Riley Armstrong          Michael Haley            Carson Mcmillan          10     1   2  2  

5 vs 5 Defense 
   Defense                  Defense                                           Time % Phy DF OF 
 1 Ryan O'Byrne             Philip Samuelsson                                 35     0   3  2  
 2 Ole-Kristian Tollefsen   Jiri Fischer                                      35     0   3  2  
 3 Karl Alzner              Andrew Alberts                                    20     0   3  2  
 4 Karl Alzner              Andrew Alberts                                    10     0   3  2  

PowerPlay Forward 
   Center                   Left Wing                Right Wing               Time % Phy DF OF 
 1 Mike Richards            Adam Henrique            Connor Brown             55     0   1  4  
 2 Nick Bjugstad            Alex Picard              Tomas Kopecky            45     0   1  4  

PowerPlay Defense
   Defense                  Defense                                           Time % Phy DF OF 
 1 Philip Samuelsson        Ole-Kristian Tollefsen                            60     0   2  3  
 2 Jiri Fischer             Karl Alzner                                       40     0   2  3  

Penalty Kill 4 Players Forward 
   Center                   Wing                     Time % Phy DF OF 
 1 David Krejci             Carson Mcmillan          50     1   2  2  
 2 Riley Armstrong          Michael Haley            50     1   2  2  

Penalty Kill 4 Players Defense
   Defense                  Defense                  Time % Phy DF OF 
 1 Ryan O'Byrne             Jiri Fischer             50     1   2  2  
 2 Ole-Kristian Tollefsen   Andrew Alberts           50     1   2  2  

Penalty Kill - 3 Players Forward 
   Forward                                           Time % Phy DF OF 
 1 Carson Mcmillan                                   60     1   2  2  
 2 Michael Haley                                     40     1   2  2  

Penalty Kill - 3 Players Defense
   Defense                  Defense                  Time % Phy DF OF 
 1 Ryan O'Byrne             Jiri Fischer             50     1   2  2  
 2 Philip Samuelsson        Andrew Alberts           50     1   2  2  

4 vs 4 Forward 
   Center                   Wing                     Time % Phy DF OF 
 1 Mike Richards            Adam Henrique            60     1   2  2  
 2 Nick Bjugstad            Connor Brown             40     1   2  2  

4 vs 4 Defense
   Defense                  Defense                  Time % Phy DF OF 
 1 Ryan O'Byrne             Karl Alzner              60     1   2  2  
 2 Ole-Kristian Tollefsen   Philip Samuelsson        40     1   2  2  

Last Minutes Offensive
   Center                   Left Wing                Right Wing               Defense                  Defense                  
   Mike Richards            Adam Henrique            Connor Brown             Ole-Kristian Tollefsen   Philip Samuelsson        

Last Minutes Defensive
   Center                   Left Wing                Right Wing               Defense                  Defense                  
   Riley Armstrong          Michael Haley            Carson Mcmillan          Andrew Alberts           Ryan O'Byrne             

Goaltenders
Starting : James Reimer             
Backup : Josh Harding             

Extra Forwards
Normal : Adam Henrique, Connor Brown, David Krejci - PP : David Krejci, Alex Picard - PK : Alex Picard
Extra Defensemen
Normal : Philip Samuelsson, Ole-Kristian Tollefsen, Karl Alzner - PP : Ryan O'Byrne - PK : Ole-Kristian Tollefsen, Karl Alzner
Penalty Shots
Mike Richards, Carson Mcmillan, Nick Bjugstad, Alex Picard, Adam Henrique

Scratches
Anton Volchenkov (Healthy), Chris Kelly (Healthy), Maxim Lapierre (Healthy), Jean-Francois Berube (Healthy)

Blues

5 vs 5 Forward 
   Center                   Left Wing                Right Wing               Time % Phy DF OF 
 1 Nicklas Backstrom        David Perron             Jordan Eberle            40     1   2  2  
 2 Jean-Gabriel Pageau      Filip Forsberg           Sergei Shirokov          30     1   2  2  
 3 Tomas Plekanec           Kyle Clifford            Reilly Smith             20     1   2  2  
 4 Sergey Kalinin           Simon Gagné              Gustav Nyquist           10     1   2  2  

5 vs 5 Defense 
   Defense                  Defense                                           Time % Phy DF OF 
 1 Alex Pietrangelo         Yann Sauvé                                        40     1   2  2  
 2 Shayne Gostisbehere      Jake Gardiner                                     30     1   2  2  
 3 Cody Ceci                Dougie Hamilton                                   20     1   2  2  
 4 Yann Sauvé               Jake Gardiner                                     10     1   2  2  

PowerPlay Forward 
   Center                   Left Wing                Right Wing               Time % Phy DF OF 
 1 Nicklas Backstrom        David Perron             Jordan Eberle            60     1   2  2  
 2 Jean-Gabriel Pageau      Filip Forsberg           Sergei Shirokov          40     1   2  2  

PowerPlay Defense
   Defense                  Defense                                           Time % Phy DF OF 
 1 Alex Pietrangelo         Jake Gardiner                                     60     1   2  2  
 2 Shayne Gostisbehere      Dougie Hamilton                                   40     1   2  2  

Penalty Kill 4 Players Forward 
   Center                   Wing                     Time % Phy DF OF 
 1 Sergey Kalinin           Jordan Eberle            60     1   2  2  
 2 Jean-Gabriel Pageau      Simon Gagné              40     1   2  2  

Penalty Kill 4 Players Defense
   Defense                  Defense                  Time % Phy DF OF 
 1 Alex Pietrangelo         Cody Ceci                60     1   2  2  
 2 Jake Gardiner            Yann Sauvé               40     1   2  2  

Penalty Kill - 3 Players Forward 
   Forward                                           Time % Phy DF OF 
 1 Sergey Kalinin                                    60     1   2  2  
 2 Jordan Eberle                                     40     1   2  2  

Penalty Kill - 3 Players Defense
   Defense                  Defense                  Time % Phy DF OF 
 1 Alex Pietrangelo         Cody Ceci                60     1   2  2  
 2 Jake Gardiner            Yann Sauvé               40     1   2  2  

4 vs 4 Forward 
   Center                   Wing                     Time % Phy DF OF 
 1 Nicklas Backstrom        David Perron             60     1   2  2  
 2 Jean-Gabriel Pageau      Jordan Eberle            40     1   2  2  

4 vs 4 Defense
   Defense                  Defense                  Time % Phy DF OF 
 1 Alex Pietrangelo         Cody Ceci                60     1   2  2  
 2 Jake Gardiner            Shayne Gostisbehere      40     1   2  2  

Last Minutes Offensive
   Center                   Left Wing                Right Wing               Defense                  Defense                  
   Nicklas Backstrom        David Perron             Jordan Eberle            Alex Pietrangelo         Jake Gardiner            

Last Minutes Defensive
   Center                   Left Wing                Right Wing               Defense                  Defense                  
   Sergey Kalinin           Kyle Clifford            Jordan Eberle            Yann Sauvé               Cody Ceci                

Goaltenders
Starting : Carey Price              
Backup : Pascal Leclaire          

Extra Forwards
Normal : Jean-Gabriel Pageau, Sergey Kalinin, Jordan Eberle - PP : Gustav Nyquist, Nicklas Backstrom - PK : Filip Forsberg
Extra Defensemen
Normal : Shayne Gostisbehere, Cody Ceci, Jake Gardiner - PP : Shayne Gostisbehere - PK : Shayne Gostisbehere, Jake Gardiner
Penalty Shots
David Perron, Jordan Eberle, Nicklas Backstrom, Filip Forsberg, Sergei Shirokov

Scratches
Drew Shore (Broken Right Thumb Injury), D.J King (Healthy)

% Time on Ice - Red Wings

Lines # - Real PCT - Wanted PCT - Time Play
Normal Forward
1 - 33% - 38% - 16:40
2 - 32% - 37% - 16:03
3 - 18% - 15% - 9:01
4 - 16% - 10% - 8:11
Normal Defense
1 - 37% - 35% - 18:33
2 - 37% - 35% - 18:23
3 - 19% - 20% - 9:41
4 - 7% - 10% - 3:18
PP Forward
1 - 55% - 55% - 2:11
2 - 45% - 45% - 1:47
PP Defense
1 - 53% - 60% - 2:06
2 - 47% - 40% - 1:52
PK Forward
1 - 49% - 50% - 3:00
2 - 51% - 50% - 3:07
PK Defense
1 - 40% - 50% - 2:28
2 - 60% - 50% - 3:39
PK3 Forward
1 - 0% - 60%
2 - 0% - 40%
PK3 Defense
1 - 0% - 50%
2 - 0% - 50%
44 Forward
1 - 0% - 60%
2 - 0% - 40%
44 Defense
1 - 0% - 60%
2 - 0% - 40%
Last Minute Offensive  - 0:00
Last Minute Defensive  - 0:00
Total
Forward - 60:00
Defense - 60:00

% Time on Ice - Blues

Lines # - Real PCT - Wanted PCT - Time Play
Normal Forward
1 - 35% - 40% - 17:27
2 - 27% - 30% - 13:22
3 - 22% - 20% - 11:10
4 - 16% - 10% - 7:56
Normal Defense
1 - 38% - 40% - 19:07
2 - 30% - 30% - 14:53
3 - 26% - 20% - 12:52
4 - 6% - 10% - 3:03
PP Forward
1 - 45% - 60% - 2:44
2 - 55% - 40% - 3:23
PP Defense
1 - 78% - 60% - 4:48
2 - 22% - 40% - 1:19
PK Forward
1 - 74% - 60% - 2:56
2 - 26% - 40% - 1:02
PK Defense
1 - 59% - 60% - 2:21
2 - 41% - 40% - 1:37
PK3 Forward
1 - 0% - 60%
2 - 0% - 40%
PK3 Defense
1 - 0% - 60%
2 - 0% - 40%
44 Forward
1 - 0% - 60%
2 - 0% - 40%
44 Defense
1 - 0% - 60%
2 - 0% - 40%
Last Minute Offensive  - 0:00
Last Minute Defensive  - 0:00
Total
Forward - 60:00
Defense - 60:00

Play-by-Play

1st period


0:01 of 1st period - Mike Richards wins face-off versus Nicklas Backstrom in neutral zone.
0:12 of 1st period - Slapshot by Jordan Eberle.
0:12 of 1st period - Stopped by James Reimer with a rebound.
0:30 of 1st period - Wrist shot by Sergei Shirokov.
0:30 of 1st period - Stopped by James Reimer without a rebound.
0:31 of 1st period - Nick Bjugstad wins face-off versus Jean-Gabriel Pageau in Red Wings zone.
1:03 of 1st period - Snap shot by Sergei Shirokov.
1:03 of 1st period - Stopped by James Reimer without a rebound.
1:04 of 1st period - Tomas Plekanec wins face-off versus Petr Pohl in Red Wings zone.
1:26 of 1st period - Minor Penalty to Andrew Alberts for Hooking.
1:27 of 1st period - Nicklas Backstrom wins face-off versus David Krejci in Red Wings zone.
1:30 of 1st period - Slapshot by Nicklas Backstrom.
1:30 of 1st period - Stopped by James Reimer with a rebound.
1:32 of 1st period - Slapshot by Jake Gardiner.
1:32 of 1st period - Stopped by James Reimer with a rebound.
1:34 of 1st period - Slapshot by Alex Pietrangelo.
1:34 of 1st period - Stopped by James Reimer with a rebound.
1:36 of 1st period - Slapshot by Nicklas Backstrom.
1:36 of 1st period - Goal by Nicklas Backstrom - Red Wings : 0 - Blues : 1.
1:37 of 1st period - Nicklas Backstrom wins face-off versus Mike Richards in neutral zone.
1:44 of 1st period - Slapshot by Jordan Eberle.
1:44 of 1st period - Stopped by James Reimer without a rebound.
1:45 of 1st period - Nicklas Backstrom wins face-off versus Mike Richards in Red Wings zone.
1:50 of 1st period - Snap shot by David Perron.
1:50 of 1st period - Stopped by James Reimer with a rebound.
1:52 of 1st period - Wrist shot by Dougie Hamilton.
1:52 of 1st period - Deflect By Andrew Alberts.
1:52 of 1st period - Stopped by James Reimer with a rebound.
2:20 of 1st period - Slapshot by Nicklas Backstrom.
2:20 of 1st period - Shot Misses the Net.
2:32 of 1st period - Karl Alzner is hit by Nicklas Backstrom and loses puck.
3:03 of 1st period - Wrist shot by Nicklas Backstrom.
3:03 of 1st period - Stopped by James Reimer with a rebound.
3:09 of 1st period - Wrist shot by David Perron.
3:09 of 1st period - Stopped by James Reimer without a rebound.
3:10 of 1st period - Sergey Kalinin wins face-off versus Nick Bjugstad in Red Wings zone.
5:50 of 1st period - Philip Samuelsson is hit by Gustav Nyquist and loses puck.
6:29 of 1st period - Cody Ceci is hit by Karl Alzner and loses puck.
7:02 of 1st period - Jiri Fischer is hit by Sergey Kalinin and loses puck.
7:23 of 1st period - Yann Sauvé is hit by Tomas Kopecky and loses puck.
7:28 of 1st period - Snap shot by Nick Bjugstad.
7:28 of 1st period - Shot Misses the Net.
7:38 of 1st period - Karl Alzner is hit by David Perron and loses puck.
7:49 of 1st period - Wrist shot by Nicklas Backstrom.
7:49 of 1st period - Shot Misses the Net.
8:26 of 1st period - Alex Pietrangelo is hit by Tomas Kopecky and loses puck.
8:47 of 1st period - Ole-Kristian Tollefsen is hit by Reilly Smith and loses puck.
9:07 of 1st period - Minor Penalty to Adam Henrique for Charging.
9:08 of 1st period - Riley Armstrong wins face-off versus Nicklas Backstrom in Red Wings zone.
9:17 of 1st period - Slapshot by Jake Gardiner.
9:17 of 1st period - Shot Blocked by Andrew Alberts.
9:19 of 1st period - Wrist shot by David Perron.
9:19 of 1st period - Stopped by James Reimer with a rebound.
9:35 of 1st period - Jean-Gabriel Pageau is hit by Riley Armstrong and loses puck.
11:07 of 1st period - Penalty to Adam Henrique is over, Adam Henrique is back on ice.
11:18 of 1st period - Karl Alzner is hit by Sergey Kalinin and loses puck.
11:39 of 1st period - Andrew Alberts is hit by Kyle Clifford and loses puck.
12:35 of 1st period - Adam Henrique is hit by Nicklas Backstrom and loses puck.
12:57 of 1st period - Jiri Fischer is hit by Kyle Clifford and loses puck.
13:12 of 1st period - Backhand shot by Reilly Smith.
13:12 of 1st period - Stopped by James Reimer without a rebound.
13:13 of 1st period - Jean-Gabriel Pageau wins face-off versus Mike Richards in Red Wings zone.
14:19 of 1st period - Shayne Gostisbehere is hit by Adam Henrique and loses puck.
16:28 of 1st period - Carson Mcmillan is hit by Alex Pietrangelo and loses puck.
16:49 of 1st period - Snap shot by Mike Richards.
16:49 of 1st period - Shot Misses the Net.
16:51 of 1st period - Wrist shot by Adam Henrique.
16:51 of 1st period - Shot Misses the Net.
16:53 of 1st period - Wrist shot by Adam Henrique.
16:53 of 1st period - Stopped by Carey Price with a rebound.
16:55 of 1st period - Wrist shot by Connor Brown.
16:55 of 1st period - Shot Misses the Net.
17:07 of 1st period - Tomas Plekanec is hit by Tomas Kopecky and loses puck.
17:14 of 1st period - Wrist shot by Nick Bjugstad.
17:14 of 1st period - Stopped by Carey Price with a rebound.
17:16 of 1st period - Snap shot by Peter Worrell.
17:16 of 1st period - Stopped by Carey Price with a rebound.
17:18 of 1st period - Wrist shot by Nick Bjugstad.
17:18 of 1st period - Shot Misses the Net.
17:34 of 1st period - Dougie Hamilton is hit by Jiri Fischer.
17:38 of 1st period - Wrist shot by David Perron.
17:38 of 1st period - Stopped by James Reimer with a rebound.
18:00 of 1st period - Snap shot by Adam Henrique.
18:00 of 1st period - Stopped by Carey Price with a rebound.
18:02 of 1st period - Slapshot by Ryan O'Byrne.
18:02 of 1st period - Shot Blocked by Yann Sauvé.
18:17 of 1st period - Sergei Shirokov is hit by Riley Armstrong and loses puck.
18:22 of 1st period - Snap shot by Carson Mcmillan.
18:22 of 1st period - Stopped by Carey Price without a rebound.
18:23 of 1st period - Peter Worrell wins face-off versus Jean-Gabriel Pageau in Blues zone.
18:24 of 1st period - Wrist shot by Tomas Kopecky.
18:24 of 1st period - Shot Misses the Net.
18:37 of 1st period - Tomas Kopecky is hit by Filip Forsberg and loses puck.
19:17 of 1st period - Wrist shot by Jordan Eberle.
19:17 of 1st period - Stopped by James Reimer with a rebound.
19:19 of 1st period - Slapshot by Cody Ceci.
19:19 of 1st period - Deflect By Nicklas Backstrom.
19:19 of 1st period - Goal by Nicklas Backstrom - Red Wings : 0 - Blues : 2.
19:20 of 1st period - Nicklas Backstrom wins face-off versus Tomas Kopecky in neutral zone.
19:23 of 1st period - Ole-Kristian Tollefsen is hit by David Perron and loses puck.
19:31 of 1st period - Icing by Jake Gardiner.
19:32 of 1st period - Nicklas Backstrom wins face-off versus Mike Richards in Blues zone.
Goals for this period are 0 for Red Wings vs 2 for Blues.
Shots for this period are 5 for Red Wings vs 17 for Blues.

2nd period


0:01 of 2nd period - Nicklas Backstrom wins face-off versus Nick Bjugstad in neutral zone.
0:26 of 2nd period - Alex Pietrangelo is hit by Ole-Kristian Tollefsen and loses puck.
0:39 of 2nd period - Snap shot by Sergei Shirokov.
0:39 of 2nd period - Stopped by James Reimer without a rebound.
0:40 of 2nd period - Nicklas Backstrom wins face-off versus Nick Bjugstad in Red Wings zone.
1:05 of 2nd period - Filip Forsberg is hit by Philip Samuelsson and loses puck.
1:54 of 2nd period - Karl Alzner is hit by Cody Ceci and loses puck.
2:14 of 2nd period - Karl Alzner is hit by Jordan Eberle and loses puck.
2:34 of 2nd period - Wrist shot by Karl Alzner.
2:34 of 2nd period - Deflect By Adam Henrique.
2:34 of 2nd period - Stopped by Carey Price with a rebound.
2:36 of 2nd period - Wrist shot by Adam Henrique.
2:36 of 2nd period - Stopped by Carey Price without a rebound.
2:37 of 2nd period - Jean-Gabriel Pageau wins face-off versus Mike Richards in Blues zone.
3:04 of 2nd period - Nicklas Backstrom is hit by Ole-Kristian Tollefsen and loses puck.
3:30 of 2nd period - Philip Samuelsson is hit by Reilly Smith and loses puck.
3:53 of 2nd period - Wrist shot by Carson Mcmillan.
3:53 of 2nd period - Shot Misses the Net.
3:55 of 2nd period - Snap shot by Michael Haley.
3:55 of 2nd period - Stopped by Carey Price without a rebound.
3:56 of 2nd period - Nicklas Backstrom wins face-off versus Mike Richards in Blues zone.
4:07 of 2nd period - Slapshot by Ole-Kristian Tollefsen.
4:07 of 2nd period - Shot Misses the Net.
4:09 of 2nd period - Snap shot by Connor Brown.
4:09 of 2nd period - Shot Misses the Net.
4:11 of 2nd period - Snap shot by Adam Henrique.
4:11 of 2nd period - Goal by Adam Henrique - Red Wings : 1 - Blues : 2.
4:12 of 2nd period - Nicklas Backstrom wins face-off versus Mike Richards in neutral zone.
4:27 of 2nd period - Snap shot by Adam Henrique.
4:27 of 2nd period - Stopped by Carey Price without a rebound.
4:28 of 2nd period - Nick Bjugstad wins face-off versus Jean-Gabriel Pageau in Blues zone.
4:29 of 2nd period - Slapshot by Tomas Kopecky.
4:29 of 2nd period - Stopped by Carey Price with a rebound.
4:31 of 2nd period - Wrist shot by Tomas Kopecky.
4:31 of 2nd period - Stopped by Carey Price without a rebound.
4:32 of 2nd period - Nick Bjugstad wins face-off versus Jean-Gabriel Pageau in Blues zone.
5:09 of 2nd period - Snap shot by Filip Forsberg.
5:09 of 2nd period - Shot Misses the Net.
5:39 of 2nd period - Slapshot by Alex Pietrangelo.
5:39 of 2nd period - Shot Misses the Net.
5:41 of 2nd period - Slapshot by Yann Sauvé.
5:41 of 2nd period - Shot Misses the Net.
5:47 of 2nd period - Wrist shot by Filip Forsberg.
5:47 of 2nd period - Shot Misses the Net.
5:49 of 2nd period - Slapshot by Yann Sauvé.
5:49 of 2nd period - Deflect By Filip Forsberg.
5:49 of 2nd period - Shot Blocked by Jiri Fischer.
5:49 of 2nd period - Puck is out of play.
5:50 of 2nd period - Nicklas Backstrom wins face-off versus Mike Richards in Red Wings zone.
5:53 of 2nd period - Wrist shot by Jordan Eberle.
5:53 of 2nd period - Stopped by James Reimer with a rebound.
7:10 of 2nd period - Backhand shot by Nicklas Backstrom.
7:10 of 2nd period - Shot Blocked by Adam Henrique.
7:12 of 2nd period - Minor Penalty to Connor Brown for Slashing.
7:13 of 2nd period - Michael Haley wins face-off versus Nicklas Backstrom in Red Wings zone.
7:13 of 2nd period - Michael Haley is hit by David Perron.
7:40 of 2nd period - Icing by Dougie Hamilton.
7:41 of 2nd period - Riley Armstrong wins face-off versus Jean-Gabriel Pageau in Blues zone.
7:56 of 2nd period - Slapshot by Alex Pietrangelo.
7:56 of 2nd period - Shot Misses the Net.
9:02 of 2nd period - Slapshot by Alex Pietrangelo.
9:02 of 2nd period - Shot Misses the Net.
9:04 of 2nd period - Wrist shot by Sergei Shirokov.
9:04 of 2nd period - Shot Blocked by Michael Haley.
9:06 of 2nd period - Slapshot by Dougie Hamilton.
9:06 of 2nd period - Deflect By Sergei Shirokov.
9:06 of 2nd period - Shot Misses the Net.
9:06 of 2nd period - Puck is out of play.
9:07 of 2nd period - David Krejci wins face-off versus Nicklas Backstrom in Red Wings zone.
9:12 of 2nd period - Penalty to Connor Brown is over, Connor Brown is back on ice.
9:34 of 2nd period - Slapshot by Nick Bjugstad.
9:34 of 2nd period - Stopped by Carey Price without a rebound.
9:35 of 2nd period - Tomas Plekanec wins face-off versus Nick Bjugstad in Blues zone.
10:11 of 2nd period - Nick Bjugstad is hit by Tomas Plekanec and loses puck.
10:30 of 2nd period - Reilly Smith is hit by Jiri Fischer and loses puck.
10:39 of 2nd period - Slapshot by Tomas Kopecky.
10:39 of 2nd period - Stopped by Carey Price with a rebound.
10:41 of 2nd period - Wrist shot by Tomas Kopecky.
10:41 of 2nd period - Stopped by Carey Price without a rebound.
10:42 of 2nd period - Nicklas Backstrom wins face-off versus Mike Richards in Blues zone.
10:47 of 2nd period - Ryan O'Byrne is hit by David Perron and loses puck.
10:52 of 2nd period - Snap shot by Nicklas Backstrom.
10:52 of 2nd period - Shot Blocked by Adam Henrique.
11:14 of 2nd period - Wrist shot by Alex Picard.
11:14 of 2nd period - Stopped by Carey Price with a rebound.
11:16 of 2nd period - Snap shot by Petr Pohl.
11:16 of 2nd period - Deflect By Dougie Hamilton.
11:16 of 2nd period - Stopped by Carey Price with a rebound.
11:18 of 2nd period - Wrist shot by David Krejci.
11:18 of 2nd period - Deflect By Alex Picard.
11:18 of 2nd period - Stopped by Carey Price with a rebound.
11:30 of 2nd period - Backhand shot by Riley Armstrong.
11:30 of 2nd period - Stopped by Carey Price with a rebound.
11:58 of 2nd period - Wrist shot by Connor Brown.
11:58 of 2nd period - Stopped by Carey Price with a rebound.
12:39 of 2nd period - Slapshot by Jake Gardiner.
12:39 of 2nd period - Shot Misses the Net.
13:14 of 2nd period - Yann Sauvé is hit by Philip Samuelsson and loses puck.
13:33 of 2nd period - Wrist shot by Kyle Clifford.
13:33 of 2nd period - Shot Misses the Net.
13:53 of 2nd period - Sergei Shirokov is hit by Peter Worrell and loses puck.
14:10 of 2nd period - Minor Penalty to Cody Ceci for Roughing.
14:11 of 2nd period - Sergey Kalinin wins face-off versus Mike Richards in Blues zone.
16:10 of 2nd period - Penalty to Cody Ceci is over, Cody Ceci is back on ice.
16:42 of 2nd period - David Krejci is hit by Cody Ceci and loses puck.
18:31 of 2nd period - Wrist shot by Ole-Kristian Tollefsen.
18:31 of 2nd period - Stopped by Carey Price without a rebound.
18:32 of 2nd period - Nicklas Backstrom wins face-off versus David Krejci in Blues zone.
18:34 of 2nd period - Icing by Yann Sauvé.
18:35 of 2nd period - Jordan Eberle wins face-off versus David Krejci in Blues zone.
18:35 of 2nd period - Jordan Eberle is hit by Petr Pohl.
19:04 of 2nd period - Karl Alzner is hit by Yann Sauvé and loses puck.
19:09 of 2nd period - Snap shot by Jordan Eberle.
19:09 of 2nd period - Shot Misses the Net.
19:11 of 2nd period - Slapshot by Yann Sauvé.
19:11 of 2nd period - Stopped by James Reimer with a rebound.
19:13 of 2nd period - Wrist shot by Alex Pietrangelo.
19:13 of 2nd period - Stopped by James Reimer without a rebound.
19:14 of 2nd period - Jean-Gabriel Pageau wins face-off versus Mike Richards in Red Wings zone.
19:51 of 2nd period - Wrist shot by Sergei Shirokov.
19:51 of 2nd period - Stopped by James Reimer without a rebound.
19:52 of 2nd period - Nicklas Backstrom wins face-off versus Nick Bjugstad in Red Wings zone.
Goals for this period are 1 for Red Wings vs 0 for Blues.
Shots for this period are 16 for Red Wings vs 5 for Blues.

3rd period


0:01 of 3rd period - Nicklas Backstrom wins face-off versus Mike Richards in neutral zone.
0:08 of 3rd period - Snap shot by David Perron.
0:08 of 3rd period - Shot Blocked by Connor Brown.
0:10 of 3rd period - Backhand shot by Yann Sauvé.
0:10 of 3rd period - Stopped by James Reimer with a rebound.
0:12 of 3rd period - Slapshot by Nicklas Backstrom.
0:12 of 3rd period - Shot Blocked by Philip Samuelsson.
0:22 of 3rd period - Connor Brown is hit by David Perron and loses puck.
0:41 of 3rd period - Snap shot by Tomas Kopecky.
0:41 of 3rd period - Stopped by Carey Price with a rebound.
1:22 of 3rd period - Slapshot by Simon Gagné.
1:22 of 3rd period - Stopped by James Reimer with a rebound.
3:04 of 3rd period - Snap shot by Simon Gagné.
3:04 of 3rd period - Shot Misses the Net.
3:06 of 3rd period - Slapshot by Cody Ceci.
3:06 of 3rd period - Shot Blocked by Mike Richards.
3:08 of 3rd period - Wrist shot by Sergey Kalinin.
3:08 of 3rd period - Deflect By Simon Gagné.
3:08 of 3rd period - Shot Blocked by Connor Brown.
3:08 of 3rd period - Puck is out of play.
3:09 of 3rd period - Mike Richards wins face-off versus Sergey Kalinin in Red Wings zone.
3:40 of 3rd period - Slapshot by Shayne Gostisbehere.
3:40 of 3rd period - Stopped by James Reimer without a rebound.
3:41 of 3rd period - Nicklas Backstrom wins face-off versus Nick Bjugstad in Red Wings zone.
3:42 of 3rd period - Wrist shot by Jordan Eberle.
3:42 of 3rd period - Stopped by James Reimer with a rebound.
3:44 of 3rd period - Slapshot by Jake Gardiner.
3:44 of 3rd period - Shot Misses the Net.
3:50 of 3rd period - Wrist shot by David Perron.
3:50 of 3rd period - Stopped by James Reimer without a rebound.
3:51 of 3rd period - Nick Bjugstad wins face-off versus Nicklas Backstrom in Red Wings zone.
4:16 of 3rd period - Snap shot by Nicklas Backstrom.
4:16 of 3rd period - Stopped by James Reimer with a rebound.
4:22 of 3rd period - Slapshot by Nick Bjugstad.
4:22 of 3rd period - Stopped by Carey Price without a rebound.
4:23 of 3rd period - Mike Richards wins face-off versus Jean-Gabriel Pageau in Blues zone.
4:28 of 3rd period - Snap shot by Adam Henrique.
4:28 of 3rd period - Stopped by Carey Price without a rebound.
4:29 of 3rd period - Mike Richards wins face-off versus Jean-Gabriel Pageau in Blues zone.
4:46 of 3rd period - Snap shot by Adam Henrique.
4:46 of 3rd period - Deflect By Mike Richards.
4:46 of 3rd period - Shot Misses the Net.
4:46 of 3rd period - Puck is out of play.
4:47 of 3rd period - Nick Bjugstad wins face-off versus Nicklas Backstrom in Blues zone.
4:52 of 3rd period - Wrist shot by Nick Bjugstad.
4:52 of 3rd period - Deflect By Alex Pietrangelo.
4:52 of 3rd period - Stopped by Carey Price with a rebound.
4:58 of 3rd period - Wrist shot by Tomas Kopecky.
4:58 of 3rd period - Shot Misses the Net.
5:00 of 3rd period - Slapshot by Peter Worrell.
5:00 of 3rd period - Stopped by Carey Price without a rebound.
5:01 of 3rd period - Nicklas Backstrom wins face-off versus Mike Richards in Blues zone.
5:06 of 3rd period - Jiri Fischer is hit by Alex Pietrangelo and loses puck.
6:14 of 3rd period - Backhand shot by Gustav Nyquist.
6:14 of 3rd period - Shot Misses the Net.
6:16 of 3rd period - Slapshot by Shayne Gostisbehere.
6:16 of 3rd period - Stopped by James Reimer with a rebound.
6:18 of 3rd period - Snap shot by Simon Gagné.
6:18 of 3rd period - Deflect By Gustav Nyquist.
6:18 of 3rd period - Goal by Gustav Nyquist - Red Wings : 1 - Blues : 3.
6:19 of 3rd period - Mike Richards wins face-off versus Nicklas Backstrom in neutral zone.
6:46 of 3rd period - Yann Sauvé is hit by Tomas Kopecky and loses puck.
7:44 of 3rd period - Minor Penalty to Michael Haley for Charging.
7:45 of 3rd period - Riley Armstrong wins face-off versus Nicklas Backstrom in Red Wings zone.
8:49 of 3rd period - Snap shot by Jean-Gabriel Pageau.
8:49 of 3rd period - Shot Blocked by Riley Armstrong.
8:51 of 3rd period - Slapshot by Alex Pietrangelo.
8:51 of 3rd period - Stopped by James Reimer without a rebound.
8:52 of 3rd period - Jean-Gabriel Pageau wins face-off versus David Krejci in Red Wings zone.
8:53 of 3rd period - Snap shot by Sergei Shirokov.
8:53 of 3rd period - Shot Misses the Net.
8:55 of 3rd period - Backhand shot by Filip Forsberg.
8:55 of 3rd period - Stopped by James Reimer without a rebound.
8:56 of 3rd period - David Krejci wins face-off versus Jean-Gabriel Pageau in Red Wings zone.
9:31 of 3rd period - Wrist shot by Filip Forsberg.
9:31 of 3rd period - Deflect By Sergei Shirokov.
9:31 of 3rd period - Shot Misses the Net.
9:31 of 3rd period - Puck is out of play.
9:32 of 3rd period - Riley Armstrong wins face-off versus Nicklas Backstrom in Red Wings zone.
9:43 of 3rd period - Slapshot by Ryan O'Byrne.
9:43 of 3rd period - Stopped by Carey Price without a rebound.
9:44 of 3rd period - Penalty to Michael Haley is over, Michael Haley is back on ice.
9:44 of 3rd period - Nicklas Backstrom wins face-off versus Mike Richards in Blues zone.
9:44 of 3rd period - Nicklas Backstrom is hit by Adam Henrique.
10:10 of 3rd period - Jean-Gabriel Pageau is hit by Nick Bjugstad and loses puck.
10:37 of 3rd period - Snap shot by Carson Mcmillan.
10:37 of 3rd period - Stopped by Carey Price without a rebound.
10:38 of 3rd period - Riley Armstrong wins face-off versus Nicklas Backstrom in Blues zone.
11:05 of 3rd period - Kyle Clifford is hit by Ryan O'Byrne and loses puck.
11:26 of 3rd period - Alex Pietrangelo is hit by Tomas Kopecky and loses puck.
11:35 of 3rd period - Wrist shot by Tomas Kopecky.
11:35 of 3rd period - Stopped by Carey Price without a rebound.
11:36 of 3rd period - Nicklas Backstrom wins face-off versus Mike Richards in Blues zone.
11:36 of 3rd period - Nicklas Backstrom is hit by Adam Henrique.
12:11 of 3rd period - Slapshot by Jiri Fischer.
12:11 of 3rd period - Deflect By Tomas Kopecky.
12:11 of 3rd period - Shot Blocked by Shayne Gostisbehere.
12:11 of 3rd period - Puck is out of play.
12:12 of 3rd period - Nick Bjugstad wins face-off versus Jean-Gabriel Pageau in Blues zone.
12:38 of 3rd period - Philip Samuelsson is hit by Jordan Eberle and loses puck.
12:39 of 3rd period - Philip Samuelsson from Red Wings is injured at 12:39 of 3rd period (Sports Hernia).
12:40 of 3rd period - Mike Richards wins face-off versus Nicklas Backstrom in Red Wings zone.
12:45 of 3rd period - Slapshot by Ole-Kristian Tollefsen.
12:45 of 3rd period - Shot Blocked by Yann Sauvé.
12:47 of 3rd period - Backhand shot by Ole-Kristian Tollefsen.
12:47 of 3rd period - Shot Misses the Net.
12:49 of 3rd period - Backhand shot by Ole-Kristian Tollefsen.
12:49 of 3rd period - Stopped by Carey Price without a rebound.
12:50 of 3rd period - Mike Richards wins face-off versus Nicklas Backstrom in Blues zone.
12:58 of 3rd period - Minor Penalty to Yann Sauvé for Interference.
12:59 of 3rd period - Mike Richards wins face-off versus Sergey Kalinin in Blues zone.
13:01 of 3rd period - Wrist shot by Connor Brown.
13:01 of 3rd period - Shot Misses the Net.
14:58 of 3rd period - Penalty to Yann Sauvé is over, Yann Sauvé is back on ice.
15:04 of 3rd period - Dougie Hamilton is hit by Adam Henrique and loses puck.
15:31 of 3rd period - Wrist shot by Petr Pohl.
15:31 of 3rd period - Stopped by Carey Price without a rebound.
15:32 of 3rd period - David Krejci wins face-off versus Jean-Gabriel Pageau in Blues zone.
15:37 of 3rd period - Snap shot by Peter Worrell.
15:37 of 3rd period - Shot Misses the Net.
15:39 of 3rd period - Backhand shot by Andrew Alberts.
15:39 of 3rd period - Shot Blocked by Sergei Shirokov.
15:55 of 3rd period - Wrist shot by Peter Worrell.
15:55 of 3rd period - Shot Blocked by Reilly Smith.
16:03 of 3rd period - Wrist shot by David Krejci.
16:03 of 3rd period - Shot Blocked by Jake Gardiner.
16:05 of 3rd period - Snap shot by Andrew Alberts.
16:05 of 3rd period - Shot Blocked by Jake Gardiner.
16:13 of 3rd period - Wrist shot by Petr Pohl.
16:13 of 3rd period - Deflect By David Krejci.
16:13 of 3rd period - Shot Blocked by Kyle Clifford.
16:13 of 3rd period - Puck is out of play.
16:14 of 3rd period - Nicklas Backstrom wins face-off versus Mike Richards in Blues zone.
16:21 of 3rd period - Jordan Eberle is hit by Adam Henrique and loses puck.
16:32 of 3rd period - Ole-Kristian Tollefsen is hit by Jordan Eberle and loses puck.
16:47 of 3rd period - Wrist shot by Filip Forsberg.
16:47 of 3rd period - Shot Blocked by Nick Bjugstad.
16:49 of 3rd period - Slapshot by Dougie Hamilton.
16:49 of 3rd period - Shot Misses the Net.
17:43 of 3rd period - Slapshot by David Krejci.
17:43 of 3rd period - Stopped by Carey Price with a rebound.
17:55 of 3rd period - Simon Gagné is hit by Tomas Kopecky and loses puck.
18:51 of 3rd period - Karl Alzner is hit by Shayne Gostisbehere.
19:36 of 3rd period - David Perron is hit by Karl Alzner and loses puck.
Goals for this period are 0 for Red Wings vs 1 for Blues.
Shots for this period are 11 for Red Wings vs 10 for Blues.